 Dungeon Crawl Stone Soup version 0.27-a0-1196-g3e9cee4cb2 (webtiles) character file.

Game seed: 4526870235826923964

8 spiderkeys the Ducker (level 2, -2/21 HPs)
             Began as an Octopode Fighter on May 28, 2021.
             Slain by a quokka (4 damage)
             ... on level 1 of the Dungeon.
             The game lasted 00:00:25 (58 turns).

spiderkeys the Ducker (Octopode Fighter)              Turns: 58, Time: 00:00:27

Health: -2/21      AC:  1    Str: 15    XL:     2   Next: 8%
Magic:  2/2        EV: 11    Int: 10    God:
Gold:   16         SH:  8    Dex: 11    Spells: 1/1 levels left

rFire    . . .     SeeInvis .   a - +0 trident
rCold    . . .     Faith    .   b - +0 kite shield
rNeg     . . .     Spirit   .   (helmet restricted)
rPois    .         Reflect  .   (no amulet)
rElec    .         Harm     .   (no ring)
rCorr    .         Rampage  .   (no ring)
Will     .....                  (no ring)
Stlth    ++........             (no ring)
HPRegen  0.07/turn              (no ring)
MPRegen  0.08/turn              (no ring)
                                (no ring)
                                (no ring)

@: no status effects
A: almost no armour, amphibious, 8 rings, camouflage 1, gelatinous body 1,
(nimble swimmer 1), tentacles
a: no special abilities


You were on level 1 of the Dungeon.
You visited 1 branch of the dungeon, and saw 1 of its levels.

You collected 16 gold pieces.


Innate Abilities, Weirdness & Mutations

You cannot wear most types of armour.
You are amphibious.
You can wear up to eight rings at the same time.
Your skin changes colour to match your surroundings (Stealth+).
Your rubbery body absorbs attacks. (AC +1, EV +1)
((You are camouflaged near water. (Stealth+)))
You have tentacles for arms and can constrict up to eight enemies at once.


   Skills:
 + Level 3.1 Fighting
 + Level 2.2 Polearms
 + Level 3.1 Dodging
 + Level 3.1 Shields


You had one spell level left.
You didn't know any spells.
Your spell library was empty.

Inventory:

Hand Weapons
 a - a +0 trident (weapon)
Armour
 b - a +0 kite shield (worn)
Scrolls
 d - a scroll of teleportation {unknown}
Potions
 c - a potion of might

Dungeon Overview and Level Annotations

Branches:
Dungeon (1/15)

Altars:

#...##$#.....
#...##.##....
##...#.# #...
###r.#.#.# ##.
.########.S.##.#.#
...................
##...†.#h#.#.#.#.##
#.....#r#.#.#...#
#...###@###......#
###.#.8.8.##### ..
# #.....# . #.....#
#.8.8.# #.....#
##.....## #..8.8..#
##.....##


You could see a quokka and a jackal.


Message History

🤖 Initializing magus.rc ...
Options error: Delay interrupt name "hungry" not recognised. (~/.crawlrc:4988) ✅ Successfully initialized magus.rc [v1.9.10] Welcome, spiderkeys the Octopode Fighter.
It is said that the Orb of Zot exists deep within this dungeon.
Press ? for a list of commands and other information.
Found a scroll labelled PICAEBIOSI.
Found a staircase leading out of the dungeon.
d - a scroll labelled PICAEBIOSI You open the door.
An endoplasm comes into view.
An endoplasm is nearby!
There is an open door here.
An endoplasm is nearby!
You reach to attack!
The helpless endoplasm fails to defend itself.
You hit the endoplasm. You completely miss the endoplasm.
You squeeze the endoplasm.
You kill the endoplasm!
No target in view!
A quokka comes into view.
A quokka is nearby!
You reach to attack!
The helpless quokka fails to defend itself.
You puncture the quokka!
You kill the quokka!
No target in view!
You now have 16 gold pieces.
A ball python and 3 jackals come into view.
There are monsters nearby!
A jackal comes into view.
You reach to attack!
The helpless jackal fails to defend itself.
You hit the jackal but do no damage.
The ball python hisses angrily.
The jackal barks! x3
You puncture the jackal!
You kill the jackal!
The jackal bites you. The ball python bites you. The ball python grabs you.
The ball python constricts you. 😕 HP[-3]
You take 3 damage, and now have 13/16 hp.
The ball python's grasp on you weakens, but your attempt to escape fails.
You block the jackal's attack. The jackal closely misses you. x2
A quokka comes into view.
The ball python bites you. The ball python constricts you.
The jackal bites you but does no damage.
The jackal barely misses you. 😮 HP[-1]
You take 1 damage, and now have 12/16 hp.
You escape the ball python's grasp.
You block the jackal's attack. The jackal bites you. x2
* * * LOW HITPOINT WARNING * * *
😨 HP[-4]
You take 4 damage, and now have 8/16 hp.
MASSIVE DAMAGE!! (PAUSE)
The jackal stops to sniff the ground.
The jackal bites you but does no damage.
There is an open door here.
Your shield prevents you from hitting the jackal.
Your grab misses the jackal. You block the jackal's attack.
The jackal bites you.
* * * LOW HITPOINT WARNING * * *
😨 HP[-1]
You take 1 damage, and now have 7/16 hp.
You puncture the jackal!
You kill the jackal!
The jackal closely misses you. The jackal barely misses you.
You completely miss the jackal. Your grab misses the jackal.
You block the jackal's attack. The jackal closely misses you.
You hit the jackal. You grab the jackal. You constrict the jackal.
You block the jackal's attack. The jackal bites you.
* * * LOW HITPOINT WARNING * * *
😨 HP[-2]
You take 2 damage, and now have 5/16 hp.
You hit the jackal but do no damage. You constrict the jackal.
You kill the jackal!
You block the ball python's attack. The ball python barely misses you.
You have reached level 2! 😨 HP[+2] MP[+1]
You now have 21 max hp (+5).
You regained 2 hp, and now have 7/21 hp.
Your mp is fully restored (2).
You hit the ball python.
You kill the ball python!
The quokka bites you.
* * * LOW HITPOINT WARNING * * *
You barely miss the quokka. You grab the quokka.
You squeeze the quokka, but do no damage.
You constrict the quokka, but do no damage.
The quokka bites you.
* * * LOW HITPOINT WARNING * * *
😱 HP[-5]
You take 5 damage, and now have 2/21 hp.
MASSIVE DAMAGE!! (PAUSE)
You barely miss the quokka. You constrict the quokka.
You block the quokka's attack. The quokka bites you.
You die...

Action                   || total
-------------------------++-------
Melee: Trident           ||    13
       Constrict         ||     2
       Tentacles         ||     2
 Stab: Sleeping          ||     3
Armor: Skin              ||     2
Dodge: Dodged            ||     7
Block: Kite shield       ||     7

Levels and vault maps discovered:
D:1:      elethiomel_arrival_quiet, layout_rooms,
          ebering_ecumenical_altar_ruins, hangedman_decor_push

Notes
Turn   | Place    | Note
-------+----------+-------------------------------------------
     0 | D:1      | spiderkeys the Octopode Fighter began the quest for the
                  | Orb.
     0 | D:1      | Reached XP level 1. HP: 16/16 MP: 1/1
     0 | D:1      | magus.rc [v1.9.10]
    56 | D:1      | Reached XP level 2. HP: 7/21 MP: 2/2
    57 | D:1      | HP: 2/21 [quokka (5)]
    58 | D:1      | Slain by a quokka

Vanquished Creatures
  A ball python (D:1)
  An endoplasm (D:1)
  3 jackals (D:1)
  A quokka (D:1)
6 creatures vanquished.

Table legend:
 A = Non-vault XP
 B = Vault XP
 C = Vault XP percentage of total XP
 D = Non-vault monster count
 E = Vault monster count
 F = Vault count percentage of total count
                 A         B        C        D         E       F
            +---------+---------+-------+---------+---------+-------
      Total |      12 |       0 |   0.0 |       6 |       0 |   0.0
            +---------+---------+-------+---------+---------+-------
        D:1 |      12 |       0 |   0.0 |       6 |       0 |   0.0
            +---------+---------+-------+---------+---------+-------

Illustrated notes

Table legend:
 A = Kills in this place as a percentage of kills in entire the game.
 B = Kills by you in this place as a percentage of kills by you in the entire game.
 C = Kills by friends in this place as a percentage of kills by friends in the entire game.
 D = Other kills in this place as a percentage of other kills in the entire game.
 E = Experience gained in this place as a percentage of experience gained in the entire game.
 F = Experience gained in this place divided by the number of levels of this place that you have seen.
                   A       B       C       D       E      F
               +-------+-------+-------+-------+-------+----------------------
         Total | 100.0 | 100.0 |   N/A |   N/A | 100.0 |  12.0
       Dungeon | 100.0 | 100.0 |   N/A |   N/A | 100.0 |  12.0
               +-------+-------+-------+-------+-------+----------------------

Table legend: (Time is in decaauts)
 A = Elapsed time spent in this place.
 B = Non-inter-level travel time spent in this place.
 C = Inter-level travel time spent in this place.
 D = Time resting spent in this place.
 E = Time spent auto-exploring this place.
 F = Levels seen in this place.
 G = Mean time per level.
                   A        B        C        D        E       F      G
               +--------+--------+--------+--------+--------+-----+--------+
         Total |     63 |     63 |      0 |      0 |     23 |   1 |   63.0 |
       Dungeon |     63 |     63 |      0 |      0 |     23 |   1 |   63.0 |
               +--------+--------+--------+--------+--------+-----+--------+

Top non-repeatable levels by time:
     D:1: 63 daAuts
